MLB
KANSAS CITY ROYALS @ CLEVELAND INDIANS
07/12/2020
 
TOP OF THE 1ST
Kansas City Royals batting - Pitching for Cleveland Indians : RHP Kenta Maeda
Pitching: RHP Kenta Maeda
Batting: LHB Jesse Winker 0-0: Foul Ball, location: 2F
0-1: Ball
1-1: Ball
2-1: Foul Ball, location: 2F
2-2: Fly out, F4 (Popup, 4M, EV 76.3 MPH)
Batting: RHB Howie Kendrick 0-0: Called Strike
0-1: Ball
1-1: Swinging Strike
1-2: Foul Ball, location: 2F
1-2: Fly out, F8 (Flyball, 8LS, EV 85.0 MPH)
Batting: LHB Anthony Rizzo 0-0: Foul Ball, location: 2F
0-1: Foul Ball, location: 2F
0-2: Ball
1-2: Ball
2-2: Fly out, F7 (Flyball, 7LM, EV 96.9 MPH)
Top of the 1st over - 0 runs, 0 hits, 0 errors, 0 left on base; Kansas City 0 - Cleveland 0
BOTTOM OF THE 1ST
Cleveland Indians batting - Pitching for Kansas City Royals : RHP Bryse Wilson
Pitching: RHP Bryse Wilson
Batting: SHB Jose Ramirez 0-0: Ball
1-0: Ball
2-0: Ground out 1-3 (Groundball, 15S, EV 71.3 MPH)
Batting: RHB Marcus Semien 0-0: Ball
1-0: Called Strike
1-1: Ball
2-1: Ground out 5-3 (Groundball, 56S, EV 94.4 MPH)
Batting: LHB Christian Yelich 0-0: Called Strike
0-1: Ball
1-1: Fly out, F8 (Flyball, 8RXD, EV 98.8 MPH)
Bottom of the 1st over - 0 runs, 0 hits, 0 errors, 0 left on base; Kansas City 0 - Cleveland 0
TOP OF THE 2ND
Kansas City Royals batting - Pitching for Cleveland Indians : RHP Kenta Maeda
Batting: RHB Nolan Arenado 0-0: Called Strike
0-1: Foul Ball, location: 2F
0-2: Ball
1-2: Ball
2-2: Ball
3-2: Ground out 5-3 (Groundball, 56, EV 85.0 MPH)
Batting: LHB Trent Grisham 0-0: Ball
1-0: Ball
2-0: Swinging Strike
2-1: Called Strike
2-2: Foul Ball, location: 2F
2-2: Ball
3-2: Foul Ball, location: 2F
3-2: Foul Ball, location: 2F
3-2: Foul Ball, location: 2F
3-2: Base on Balls
Batting: SHB Jurickson Profar 0-0: Ball
Wild Pitch!
Trent Grisham to second
1-0: Foul Ball, location: 2F
1-1: Called Strike
1-2: Ball
2-2: Ball
3-2: Ground out 6-3 (Groundball, 4M, EV 88.8 MPH)
Trent Grisham to third
Batting: RHB Dansby Swanson 0-0: Ball
1-0: Ball
2-0: Called Strike
2-1: Called Strike
2-2: Foul Ball, location: 2F
2-2: Foul Ball, location: 2F
2-2: Strikes out swinging
Top of the 2nd over - 0 runs, 0 hits, 0 errors, 1 left on base; Kansas City 0 - Cleveland 0
BOTTOM OF THE 2ND
Cleveland Indians batting - Pitching for Kansas City Royals : RHP Bryse Wilson
Batting: RHB J.D. Martinez 0-0: Foul Ball, location: 2F
0-1: Foul Ball, location: 2F
0-2: Foul Ball, location: 2F
0-2: Ground out 6-3 (Groundball, 6, EV 103.1 MPH)
Batting: RHB Josh Donaldson 0-0: Ball
1-0: Called Strike
1-1: Ball
2-1: Ball
3-1: Base on Balls
Batting: LHB Matt Carpenter 0-0: Called Strike
0-1: Ball
1-1: Foul Ball, location: 2F
1-2: Foul Ball, location: 2F
1-2: Foul Ball, location: 2F
1-2: Ball
2-2: Foul Ball, location: 2F
2-2: Fly out, F9 (Flyball, 9, EV 89.4 MPH)
Batting: RHB Mark Canha 0-0: Ball
1-0: Foul Ball, location: 2F
1-1: Swinging Strike
1-2: Foul Ball, location: 2F
1-2: Ball
2-2: Ball
3-2: Fly out, F7 (Flyball, 78S, EV 86.9 MPH)
Bottom of the 2nd over - 0 runs, 0 hits, 0 errors, 1 left on base; Kansas City 0 - Cleveland 0
TOP OF THE 3RD
Kansas City Royals batting - Pitching for Cleveland Indians : RHP Kenta Maeda
Batting: RHB Sean Murphy 0-0: Foul Ball, location: 2F
0-1: Ball
1-1: Swinging Strike
1-2: Foul Ball, location: 2F
1-2: Ball
2-2: Ball
3-2: Foul Ball, location: 2F
3-2: Strikes out swinging
Batting: SHB Niko Goodrum 0-0: Ball
1-0: Foul Ball, location: 2F
1-1: Foul Ball, location: 2F
1-2: Ball
2-2: Ball
3-2: Foul Ball, location: 2F
3-2: SINGLE (Groundball, 3D, EV 99.4 MPH)
Batting: LHB Jesse Winker 0-0: DOUBLE (Line Drive, 89M, EV 103.1 MPH)
Niko Goodrum to third
Runner from 3rd tries for Home, SAFE, no throw by RF
Batting: RHB Howie Kendrick 0-0: Ball
1-0: Called Strike
1-1: Foul Ball, location: 2F
1-2: Ball
2-2: Foul Ball, location: 2F
2-2: Ground out 5-3 (Groundball, 56, EV 82.5 MPH)
Batting: LHB Anthony Rizzo 0-0: Swinging Strike
0-1: Ground out 6-3 (Groundball, 4M, EV 100.6 MPH)
Top of the 3rd over - 1 run, 2 hits, 0 errors, 1 left on base; Kansas City 1 - Cleveland 0
BOTTOM OF THE 3RD
Cleveland Indians batting - Pitching for Kansas City Royals : RHP Bryse Wilson
Batting: LHB Kole Calhoun 0-0: Swinging Strike
0-1: Ground out 6-3 (Groundball, 4, EV 101.3 MPH)
Batting: LHB Stephen Vogt 0-0: Ball
1-0: Foul Ball, location: 2F
1-1: Ball
2-1: Ground out 4-3 (Groundball, 34, EV 101.9 MPH)
Batting: SHB Jose Ramirez 0-0: Ball
1-0: Ball
2-0: Ball
3-0: Swinging Strike
3-1: Called Strike
3-2: Strikes out swinging
Bottom of the 3rd over - 0 runs, 0 hits, 0 errors, 0 left on base; Kansas City 1 - Cleveland 0
TOP OF THE 4TH
Kansas City Royals batting - Pitching for Cleveland Indians : RHP Kenta Maeda
Batting: RHB Nolan Arenado 0-0: Called Strike
0-1: SINGLE (Line Drive, 56D, EV 94.4 MPH)
Batting: LHB Trent Grisham 0-0: Ball
1-0: Ball
2-0: Ball
3-0: Called Strike
3-1: Fly out, F6 (Popup, 6MS, EV 80.0 MPH)
Batting: SHB Jurickson Profar 0-0: Called Strike
0-1: Called Strike
0-2: Foul Ball, location: 2F
0-2: Ball
1-2: Foul Ball, location: 2F
1-2: Ball
2-2: Foul Ball, location: 2F
2-2: Foul Ball, location: 2F
2-2: Strikes out swinging
Batting: RHB Dansby Swanson 0-0: Ball
1-0: Swinging Strike
1-1: Swinging Strike
1-2: Foul Ball, location: 2F
1-2: Ball
2-2: Foul Ball, location: 2F
2-2: Foul Ball, location: 2F
2-2: Strikes out swinging
Top of the 4th over - 0 runs, 1 hit, 0 errors, 1 left on base; Kansas City 1 - Cleveland 0
BOTTOM OF THE 4TH
Cleveland Indians batting - Pitching for Kansas City Royals : RHP Bryse Wilson
Batting: RHB Marcus Semien 0-0: Called Strike
0-1: Foul Ball, location: 2F
0-2: Ball
1-2: Ball
2-2: Ball
3-2: SOLO HOME RUN (Flyball, 9LD, EV 92.5 MPH), Distance : 369 ft
Batting: LHB Christian Yelich 0-0: Swinging Strike
0-1: SOLO HOME RUN (Flyball, 9LD, EV 106.9 MPH), Distance : 347 ft
Batting: RHB J.D. Martinez 0-0: Foul Ball, location: 2F
0-1: SINGLE (Groundball, 56D, EV 109.4 MPH)
Batting: RHB Josh Donaldson 0-0: Called Strike
0-1: Ball
1-1: Swinging Strike
1-2: Strikes out looking
Batting: LHB Matt Carpenter 0-0: Ball
1-0: Grounds into double play, 3-6-3 (Groundball, 3, EV 83.8 MPH)
Bottom of the 4th over - 2 runs, 3 hits, 0 errors, 0 left on base; Kansas City 1 - Cleveland 2
TOP OF THE 5TH
Kansas City Royals batting - Pitching for Cleveland Indians : RHP Kenta Maeda
Pitching: RHP Anibal Sanchez
Batting: RHB Sean Murphy 0-0: Called Strike
0-1: Called Strike
0-2: Ball
1-2: Ball
2-2: SINGLE (Line Drive, 9LS, EV 92.5 MPH)
Batting: SHB Niko Goodrum 0-0: Ball
1-0: Foul Ball, location: 2F
1-1: Called Strike
1-2: Fly out, F8 (Flyball, 8RM, EV 78.8 MPH)
Batting: LHB Jesse Winker 0-0: Called Strike
0-1: Swinging Strike
0-2: Foul Ball, location: 2F
0-2: Foul Ball, location: 2F
0-2: Ball
1-2: Ball
2-2: Fly out, F7 (Flyball, 7S, EV 90.6 MPH)
Batting: RHB Howie Kendrick 0-0: SINGLE (Line Drive, 8RS, EV 106.9 MPH)
Sean Murphy to second
Batting: LHB Anthony Rizzo 0-0: Foul Ball, location: 2F
0-1: Ball
1-1: Ground out U3 (Groundball, 3, EV 95.6 MPH)
Top of the 5th over - 0 runs, 2 hits, 0 errors, 2 left on base; Kansas City 1 - Cleveland 2
BOTTOM OF THE 5TH
Cleveland Indians batting - Pitching for Kansas City Royals : RHP Bryse Wilson
Batting: RHB Mark Canha 0-0: Fly out, F9 (Flyball, 9, EV 81.9 MPH)
Batting: LHB Kole Calhoun 0-0: Ball
1-0: Called Strike
1-1: Ball
2-1: Swinging Strike
2-2: Foul Ball, location: 2F
2-2: Strikes out looking
Batting: LHB Stephen Vogt 0-0: Called Strike
0-1: Ball
1-1: Ball
2-1: Foul Ball, location: 2F
2-2: Hit by Pitch
Batting: SHB Jose Ramirez 0-0: Called Strike
0-1: Ground out U3 (Groundball, 3, EV 83.8 MPH)
Bottom of the 5th over - 0 runs, 0 hits, 0 errors, 1 left on base; Kansas City 1 - Cleveland 2
TOP OF THE 6TH
Kansas City Royals batting - Pitching for Cleveland Indians : RHP Anibal Sanchez
Batting: RHB Nolan Arenado 0-0: Called Strike
0-1: Ball
1-1: SINGLE (Flyball, 89S, EV 89.4 MPH)
Batting: LHB Trent Grisham 0-0: Foul Ball, location: 2F
0-1: Ball
1-1: Foul Ball, location: 2F
1-2: SINGLE (Line Drive, 7S, EV 93.1 MPH)
Nolan Arenado to second
Batting: SHB Jurickson Profar 0-0: Swinging Strike
0-1: Called Strike
0-2: Ball
1-2: Fly out, F8 (Line Drive, 8RD, EV 94.4 MPH)
Pitching: RHP Yohan Ramirez
Batting: RHB Dansby Swanson 0-0: Ball
1-0: Ball
2-0: Swinging Strike
2-1: Foul Ball, location: 2F
2-2: Strikes out looking
Batting: RHB Sean Murphy 0-0: Called Strike
0-1: Called Strike
0-2: Ball
1-2: Strikes out swinging
Top of the 6th over - 0 runs, 2 hits, 0 errors, 2 left on base; Kansas City 1 - Cleveland 2
BOTTOM OF THE 6TH
Cleveland Indians batting - Pitching for Kansas City Royals : RHP Bryse Wilson
Batting: RHB Marcus Semien 0-0: Ground out 4-3 (Groundball, 4, EV 76.9 MPH)
Batting: LHB Christian Yelich 0-0: Foul Ball, location: 2F
0-1: Ball
1-1: Ground out 1-3 (Groundball, 34S, EV 70.6 MPH)
Batting: RHB J.D. Martinez 0-0: Ground out 4-3 (Groundball, 4M, EV 89.4 MPH)
Bottom of the 6th over - 0 runs, 0 hits, 0 errors, 0 left on base; Kansas City 1 - Cleveland 2
TOP OF THE 7TH
Kansas City Royals batting - Pitching for Cleveland Indians : RHP Yohan Ramirez
Batting: SHB Niko Goodrum 0-0: Foul Ball, location: 2F
0-1: Called Strike
0-2: Ball
1-2: Ball
2-2: Strikes out looking
Batting: LHB Jesse Winker 0-0: Foul Ball, location: 2F
0-1: Called Strike
0-2: Strikes out swinging
Batting: RHB Howie Kendrick 0-0: Ball
1-0: Swinging Strike
1-1: Ball
2-1: SOLO HOME RUN (Flyball, 78XD, EV 106.9 MPH), Distance : 419 ft
Batting: LHB Anthony Rizzo 0-0: Ball
1-0: Ball
2-0: Ball
3-0: Called Strike
3-1: Called Strike
3-2: Base on Balls
Batting: RHB Nolan Arenado 0-0: Ball
1-0: Called Strike
1-1: Ball
2-1: Ball
3-1: Base on Balls
Anthony Rizzo to second
Batting: LHB Trent Grisham 0-0: Ball
Wild Pitch!
Anthony Rizzo to third
Nolan Arenado to second
1-0: Foul Ball, location: 2F
1-1: Foul Ball, location: 2F
1-2: Strikes out looking
Top of the 7th over - 1 run, 1 hit, 0 errors, 2 left on base; Kansas City 2 - Cleveland 2
BOTTOM OF THE 7TH
Cleveland Indians batting - Pitching for Kansas City Royals : RHP Bryse Wilson
Pitching: RHP Jairo Diaz
Batting: RHB Josh Donaldson 0-0: Called Strike
0-1: Swinging Strike
0-2: Ball
1-2: Foul Ball, location: 2F
1-2: Ball
2-2: Strikes out swinging
Batting: LHB Matt Carpenter 0-0: Swinging Strike
0-1: Foul Ball, location: 2F
0-2: Ball
1-2: Ball
2-2: Strikes out swinging
Batting: RHB Mark Canha 0-0: Ball
1-0: SOLO HOME RUN (Flyball, 7LD, EV 100.6 MPH), Distance : 389 ft
Batting: LHB Kole Calhoun 0-0: Fly out, F9 (Flyball, 89D, EV 100.0 MPH)
Bottom of the 7th over - 1 run, 1 hit, 0 errors, 0 left on base; Kansas City 2 - Cleveland 3
TOP OF THE 8TH
Kansas City Royals batting - Pitching for Cleveland Indians : RHP Yohan Ramirez
Pitching: RHP David Robertson
Now at 3B: Matt Chapman
Batting: SHB Jurickson Profar 0-0: Ball
1-0: Foul Ball, location: 2F
1-1: Called Strike
1-2: Foul Ball, location: 2F
1-2: Ground out 6-3 (Groundball, 56S, EV 83.1 MPH)
Batting: RHB Dansby Swanson 0-0: Swinging Strike
0-1: Ball
1-1: Foul Ball, location: 2F
1-2: Strikes out swinging
Batting: RHB Sean Murphy 0-0: Ball
1-0: Ball
2-0: Ball
3-0: Called Strike
3-1: Base on Balls
Batting: SHB Niko Goodrum 0-0: Ball
1-0: Ball
2-0: Ball
3-0: Called Strike
3-1: Base on Balls
Sean Murphy to second
Batting: LHB Jesse Winker 0-0: Called Strike
0-1: Ball
1-1: Foul Ball, location: 2F
1-2: Strikes out swinging
Top of the 8th over - 0 runs, 0 hits, 0 errors, 2 left on base; Kansas City 2 - Cleveland 3
BOTTOM OF THE 8TH
Cleveland Indians batting - Pitching for Kansas City Royals : RHP Jairo Diaz
Pitching: RHP Carl Edwards Jr.
Batting: LHB Stephen Vogt 0-0: Called Strike
0-1: Ball
1-1: Ball
2-1: Foul Ball, location: 2F
2-2: Strikes out swinging
Batting: SHB Jose Ramirez 0-0: Foul Ball, location: 2F
0-1: Ball
1-1: Ball
2-1: Foul Ball, location: 2F
2-2: Foul Ball, location: 2F
2-2: Strikes out swinging
Batting: RHB Marcus Semien 0-0: Reached on error, E2 (Groundball, 2L, EV 63.1 MPH)
Batting: LHB Christian Yelich 0-0: Called Strike
0-1: Ball
1-1: Ball
2-1: Swinging Strike
2-2: Foul Ball, location: 2F
2-2: Strikes out swinging
Bottom of the 8th over - 0 runs, 0 hits, 1 error, 1 left on base; Kansas City 2 - Cleveland 3
TOP OF THE 9TH
Kansas City Royals batting - Pitching for Cleveland Indians : RHP David Robertson
Pitching: RHP Kirby Yates
Batting: RHB Howie Kendrick 0-0: Called Strike
0-1: Called Strike
0-2: Strikes out swinging passed ball, reaches first!
Batting: LHB Anthony Rizzo 0-0: Ball
1-0: Ball
2-0: Grounds into double play, 4-6-3 (Groundball, 34D, EV 109.4 MPH)
Batting: RHB Nolan Arenado 0-0: Ball
1-0: Called Strike
1-1: Called Strike
1-2: Ball
2-2: Strikes out swinging
Top of the 9th over - 0 runs, 0 hits, 0 errors, 0 left on base; Kansas City 2 - Cleveland 3
Tuesday, September 8th, 2020 - OOTP Baseball 21.5 Build 76